Map: Psionic Temple

Players

EvolvE - Winner!

  • Race: Terran Terran
  • League: Master

PvP

  • Race: Protoss Protoss
  • League: Master

VOD

Have the link to the VOD?

Description

Time

  • Played on: Sept. 20, 2016, 10:25 p.m.
  • Length: 7:59
Show
View Real Time Build Order
Export as new Build Order

EvolvE Terran - Winner!

Build Orders: Reaper Expand 

Get SALT Encoding   

  12  0:01  SCV  
  13  0:13  SCV  
  14  0:19  Supply Depot  
  14  0:25  SCV  
  15  0:41  SCV  
  15  0:42  Barracks  
  16  0:45  Refinery  
  16  0:53  SCV  
  17  1:05  SCV  
  18  1:17  SCV  
  19  1:32  Reaper, Orbital Command  
  20  1:45  Command Center  
  20  1:55  Supply Depot  
  20  1:57  SCV  
  21  2:06  Barracks Reactor  
  21  2:11  SCV  
  22  2:19  Barracks  
  22  2:24  SCV  
  22  2:27  Refinery  
  22  2:38  SCV  
  23  2:44  Marine x2, Bunker  
  23  2:50  Factory  
  25  2:55  SCV  
  26  2:59  Orbital Command  
  26  3:07  Barracks Tech Lab  
  26  3:18  SCV  
  27  3:21  Marine x2  
  27  3:26  SCV  
  30  3:29  Marine  
  30  3:30  SCV  
  31  3:36  Factory Tech Lab  
  31  3:37  Starport  
  31  3:39  Marine  
  32  3:45  SCV  
  33  3:51  Marine x2  
  33  3:54  SCV  
  36  3:58  Marine  
  37  4:03  Supply Depot  
  37  4:05  SCV  
  38  4:12  Cyclone  
  38  4:13  Liberator, SCV  
  38  4:14  Marine  
  44  4:18  SCV  
  44  4:20  Marine  
  46  4:27  Supply Depot  
  49  4:33  SCV  
  49  4:34  Marine x2  
  49  4:53  Marauder  
  49  4:56  Marine x2  
  49  4:57  Siege Tank  
  51  5:04  SCV  
  52  5:14  Marine x2, SCV  
  47  5:16  SCV  
  47  5:17  Marine  
  41  5:26  SCV  
  41  5:28  SCV  
  43  5:31  Marine x2  
  45  5:38  SCV  
  45  5:40  SCV  
  47  5:50  SCV  
  47  5:52  SCV  
  47  5:54  Barracks Tech Lab  
  47  5:56  Marine x2  
  51  6:02  SCV  
  51  6:04  SCV  
  49  6:14  Marine x2, SCV  
  49  6:16  SCV  
  49  6:22  Medivac  
  49  6:30  SCV  
  49  6:31  Marine  
  49  6:32  Marine  
  47  6:33  Marine  
  47  6:34  SCV  
  44  6:42  SCV  
  44  6:46  SCV  
  46  6:49  Marine  
  46  6:54  SCV, Refinery  
  47  6:56  Barracks  
  47  7:03  SCV  
  47  7:04  Marine x2  
  47  7:08  Marine  
  48  7:12  SCV  
  50  7:15  SCV  
  50  7:21  Marine  
  52  7:35  SCV  
  51  7:40  Marine x3  
  51  7:41  SCV  
Show
View Real Time Build Order
Export as new Build Order

PvP Protoss 

Build Orders:  

Get SALT Encoding   

  12  0:01  Probe (Chrono Boost)  
  13  0:12  Probe (Chrono Boost)  
  14  0:18  Pylon  
  14  0:22  Probe (Chrono Boost)  
  15  0:36  Probe (Chrono Boost)  
  15  0:37  Gateway  
  16  0:47  Probe (Chrono Boost)  
  16  0:48  Assimilator  
  17  0:59  Probe (Chrono Boost)  
  18  1:04  Pylon  
  18  1:10  Probe (Chrono Boost)  
  19  1:21  Probe (Chrono Boost)  
  20  1:25  Cybernetics Core  
  20  1:30  Gateway  
  21  1:39  Gateway  
  20  1:41  Probe (Chrono Boost)  
  21  1:51  Probe (Chrono Boost)  
  22  1:58  Stalker  
  22  1:59  Warp Gate  
  24  2:15  Probe (Chrono Boost)  
  25  2:17  Assimilator  
  25  2:18  Pylon  
  25  2:19  Stalker  
  27  2:34  Stalker  
  27  2:42  Probe (Chrono Boost)  
  30  2:50  Stalker  
  34  3:09  Robotics Facility  
  34  3:10  Gateway  
  32  3:28  Gateway  
  32  3:30  Gateway  
  33  3:34  Probe (Chrono Boost)  
  33  3:39  Pylon  
  33  3:49  Pylon  
  33  3:51  Warp Prism  
  33  4:02  Sentry x2  
  39  4:04  Adept  
  39  4:07  Stalker  
  43  4:44  Adept x5  
  51  5:06  Adept x2  
  27  5:33  Stalker x2  
  27  5:34  Stalker x3  
  37  6:08  Adept x2  
  37  6:09  Adept x3  
  42  6:32  Stalker x4  
Tags
 
Add a new tag
Caveats
  • Supply blocks, unpowered buildings, or Contaminate may cause inaccurate times.
  • Supply counts are checked every 10 seconds.